Map: Lerilak Crest

Players

capac - Winner!

  • Race: Terran Terran
  • League: Gold

A.I. 1 (Very Hard)

  • Race: Protoss Protoss

VOD

Have the link to the VOD?

Description

Time

  • Played on: Feb. 23, 2016, 1:05 p.m.
  • Length: 12:51
Show
View Real Time Build Order
Export as new Build Order

capac Terran - Winner!

Build Orders: Bio Tank 

Get SALT Encoding   

  12  0:01  SCV  
  13  0:13  SCV  
  14  0:20  Supply Depot  
  14  0:25  SCV  
  15  0:41  SCV  
  16  0:44  Barracks  
  16  0:48  Refinery  
  16  0:53  SCV  
  17  1:06  SCV  
  18  1:18  SCV  
  19  1:30  SCV  
  20  1:33  Barracks Reactor  
  20  1:38  Command Center  
  20  1:42  SCV  
  21  1:54  Barracks  
  21  2:00  SCV  
  22  2:09  Factory  
  22  2:16  Supply Depot  
  22  2:17  SCV  
  23  2:29  Orbital Command  
  23  2:40  Marine  
  23  2:41  Marine  
  25  2:45  Barracks Tech Lab  
  25  2:49  Refinery  
  25  2:55  SCV  
  26  3:03  Orbital Command  
  26  3:07  Marine x2  
  27  3:17  Marine  
  28  3:22  Starport  
  28  3:23  Factory Reactor  
  28  3:25  Marine x2  
  31  3:27  SCV  
  31  3:30  SCV  
  32  3:37  Marine  
  32  3:40  Stimpack  
  33  3:41  SCV  
  34  3:49  SCV  
  35  3:57  Marine x3  
  35  3:58  SCV  
  35  4:01  SCV  
  40  4:10  Supply Depot  
  40  4:11  SCV  
  40  4:13  SCV  
  40  4:15  Marine x2  
  44  4:17  Marine  
  44  4:23  SCV  
  46  4:25  Factory Tech Lab  
  46  4:32  SCV, Medivac x2  
  46  4:33  Supply Depot  
  46  4:35  Marine x2  
  46  4:38  SCV  
  54  4:46  Barracks  
  54  4:52  Barracks  
  54  4:55  Siege Tank, SCV x2  
  61  5:07  SCV x2  
  61  5:12  Marine  
  62  5:15  Refinery  
  62  5:20  Supply Depot  
  62  5:21  Supply Depot  
  62  5:23  Marine  
  62  5:24  Marine, SCV x2  
  66  5:30  Marine  
  61  5:42  Liberator  
  51  5:44  Marine x2  
  51  5:47  Siege Tank  
  54  5:51  SCV x2  
  56  5:57  Barracks Reactor x2  
  59  6:08  Refinery  
  59  6:15  SCV x2  
  59  6:16  Combat Shields  
  59  6:17  Command Center  
  59  6:18  Supply Depot  
  61  6:21  Marine x2  
  61  6:22  Marine  
  64  6:26  Siege Tank  
  64  6:28  Liberator  
  67  6:35  SCV x2  
  67  6:37  Supply Depot  
  67  6:38  Marine  
  67  6:39  Marine x2  
  72  6:40  Marine  
  76  6:53  SCV x2  
  78  6:57  Marine x3  
  78  6:58  Marine x3  
  78  6:59  Marine  
  85  7:03  Supply Depot  
  85  7:12  SCV x2  
  87  7:18  Marine x3  
  87  7:19  Marine x4  
  87  7:22  Supply Depot  
  94  7:26  Siege Tank  
  94  7:28  Medivac x2  
  101  7:30  Orbital Command  
  101  7:40  SCV x2  
  103  7:48  Supply Depot  
  103  7:53  Marine x2  
  103  7:54  Marine x4  
  103  7:55  Marine  
  103  7:57  SCV x2  
  112  7:58  SCV  
  112  8:02  Supply Depot  
  112  8:04  Medivac x2  
  112  8:05  Siege Tank  
  120  8:11  Refinery  
  120  8:12  Refinery  
  120  8:14  Supply Depot  
  120  8:15  Marine x6  
  120  8:16  Marine  
  127  8:28  Liberator  
  127  8:29  Starport, Liberator  
  127  8:33  SCV  
  127  8:34  SCV x2  
  130  8:40  Marine x3  
  130  8:41  Marine x4  
  135  8:43  Siege Tank  
  146  8:49  Supply Depot  
  148  9:03  Marine x2  
  148  9:04  Marine x3  
  148  9:05  Marine x2  
  148  9:09  Starport Reactor  
  153  9:13  Supply Depot  
  153  9:14  Liberator  
  153  9:15  Liberator, Siege Tank  
  153  9:16  Barracks  
  156  9:21  Marine x3  
  156  9:22  Marine x2  
  156  9:23  Marine x2  
  169  9:42  Liberator x2  
  169  9:57  Marine x7  
  170  10:14  Marine  
  170  10:20  Marine x6  
  177  10:35  Liberator x3  
  177  10:41  Marine x4  
  181  10:52  Marine x3, Siege Tank  
  196  10:59  Marine  
  196  11:01  Liberator  
  197  11:18  Liberator x3  
  197  11:25  Siege Tank  
  171  12:01  Medivac  
  168  12:18  Medivac x2  
Show
View Real Time Build Order
Export as new Build Order

A.I. 1 (Very Hard) Protoss 

Build Orders: 1 Gate Expand, Zealot Archon 

Get SALT Encoding   

  12  0:01  Probe (Chrono Boost)  
  13  0:11  Probe (Chrono Boost)  
  14  0:20  Pylon  
  14  0:22  Probe (Chrono Boost)  
  15  0:38  Probe (Chrono Boost)  
  16  0:48  Probe (Chrono Boost)  
  17  0:51  Gateway  
  17  0:59  Probe (Chrono Boost)  
  18  1:10  Probe (Chrono Boost)  
  19  1:11  Assimilator  
  19  1:14  Pylon  
  19  1:20  Probe (Chrono Boost)  
  20  1:31  Probe (Chrono Boost)  
  21  1:36  Nexus  
  21  1:49  Cybernetics Core  
  21  1:50  Zealot  
  23  2:06  Gateway  
  23  2:07  Probe (Chrono Boost)  
  24  2:17  Pylon  
  24  2:18  Probe (Chrono Boost)  
  24  2:22  Zealot  
  25  2:23  Warp Gate  
  25  2:29  Probe (Chrono Boost)  
  28  2:39  Assimilator  
  28  2:41  Probe (Chrono Boost)  
  29  2:47  Adept  
  32  2:53  Probe (Chrono Boost), Adept  
  34  3:00  Probe (Chrono Boost)  
  35  3:06  Pylon  
  35  3:09  Probe (Chrono Boost)  
  36  3:13  Adept  
  36  3:18  Stalker  
  38  3:25  Probe (Chrono Boost)  
  42  3:28  Probe (Chrono Boost)  
  42  3:36  Probe (Chrono Boost)  
  42  3:39  Probe (Chrono Boost)  
  44  3:44  Robotics Facility  
  44  3:48  Probe (Chrono Boost), Adept  
  45  3:50  Probe (Chrono Boost)  
  48  3:59  Probe (Chrono Boost), Adept  
  48  4:02  Probe (Chrono Boost)  
  53  4:10  Probe (Chrono Boost)  
  53  4:13  Probe (Chrono Boost), Pylon  
  54  4:21  Probe (Chrono Boost)  
  56  4:25  Probe (Chrono Boost), Stalker  
  56  4:30  Immortal  
  58  4:31  Pylon  
  58  4:33  Probe (Chrono Boost)  
  58  4:36  Probe (Chrono Boost)  
  58  4:37  Stalker  
  66  4:45  Probe (Chrono Boost)  
  67  4:47  Probe (Chrono Boost)  
  67  4:49  Robotics Facility  
  67  4:51  Stalker  
  70  5:01  Probe (Chrono Boost)  
  70  5:03  Probe (Chrono Boost)  
  70  5:05  Immortal  
  72  5:09  Pylon  
  72  5:13  Pylon  
  76  5:17  Stalker  
  78  5:24  Assimilator  
  78  5:28  Twilight Council, Probe (Chrono Boost)  
  78  5:30  Probe (Chrono Boost)  
  73  5:41  Zealot  
  69  5:47  Probe (Chrono Boost)  
  69  5:49  Probe (Chrono Boost)  
  71  5:56  Assimilator  
  71  5:58  Probe (Chrono Boost)  
  71  5:59  Gateway  
  71  6:00  Probe (Chrono Boost)  
  73  6:08  Zealot  
  73  6:09  Probe (Chrono Boost), Templar Archives  
  73  6:11  Probe (Chrono Boost)  
  77  6:20  Probe (Chrono Boost)  
  77  6:22  Probe (Chrono Boost)  
  79  6:35  Nexus, Sentry, Forge  
  79  6:38  Pylon  
  81  6:40  Stalker  
  83  6:53  High Templar  
  85  6:55  Stalker  
  85  6:57  Forge  
  85  6:58  Pylon  
  85  7:01  Sentry  
  89  7:04  Pylon  
  89  7:12  Pylon  
  89  7:17  Observer, Adept  
  89  7:19  Photon Cannon  
  89  7:22  High Templar, Stalker  
  96  7:23  Photon Cannon  
  96  7:27  Photon Cannon  
  96  7:35  Stalker  
  98  7:41  Archon, Gateway  
  98  7:43  High Templar  
  100  7:49  Probe x2 (Chrono Boost)  
  100  7:50  Probe (Chrono Boost)  
  103  7:52  Sentry  
  103  7:56  Zealot, Assimilator  
  107  7:59  Protoss Ground Weapons Level 1  
  107  8:00  Probe (Chrono Boost)  
  107  8:01  Probe x2 (Chrono Boost)  
  107  8:05  Pylon  
  110  8:09  Assimilator  
  110  8:12  Probe (Chrono Boost)  
  113  8:13  Probe x2 (Chrono Boost), High Templar  
  115  8:20  Protoss Ground Armor Level 1  
  115  8:21  Stalker x2  
  115  8:23  Photon Cannon  
  115  8:24  Probe x2 (Chrono Boost)  
  115  8:25  Probe (Chrono Boost)  
  115  8:27  Photon Cannon, Archon  
  122  8:30  Pylon  
  122  8:35  Probe (Chrono Boost), High Templar  
  122  8:36  Probe (Chrono Boost)  
  122  8:37  Probe (Chrono Boost)  
  127  8:43  High Templar  
  127  8:45  Stalker  
  127  8:47  Probe (Chrono Boost)  
  134  8:48  Probe (Chrono Boost)  
  134  8:49  Probe (Chrono Boost)  
  134  8:50  Archon  
  134  8:51  Photon Cannon  
  134  8:54  High Templar  
  136  8:58  Probe (Chrono Boost)  
  136  9:00  Pylon  
  137  9:05  High Templar  
  139  9:10  Warp Prism  
  139  9:12  Archon  
  139  9:14  High Templar  
  143  9:23  High Templar  
  145  9:28  Photon Cannon  
  145  9:30  Psionic Storm  
  145  9:34  Warp Prism  
  145  9:38  Gateway  
  147  9:40  Stalker, Pylon  
  147  9:42  Stalker  
  147  9:45  Stalker  
  135  9:54  Nexus  
  135  9:55  Zealot  
  109  10:01  Adept  
  109  10:04  Adept  
  109  10:06  High Templar  
  95  10:13  Immortal, Zealot  
  97  10:20  Immortal, Zealot  
  103  10:22  Archon  
  103  10:23  Zealot  
  109  10:32  Stalker, Zealot  
  113  10:36  Stalker  
  113  10:38  High Templar  
  113  10:42  Sentry  
  118  10:50  Zealot  
  118  10:51  Gateway  
  118  10:54  Zealot  
  122  10:58  Zealot  
  122  10:59  Stargate  
  122  11:03  Zealot  
  120  11:08  Zealot  
  120  11:10  Probe (Chrono Boost)  
  120  11:11  High Templar, Immortal  
  119  11:12  Probe (Chrono Boost), Zealot  
  119  11:17  Probe (Chrono Boost), Adept  
  109  11:21  Probe (Chrono Boost)  
  109  11:23  Probe (Chrono Boost), Zealot  
  109  11:24  Assimilator  
  74  11:28  Stalker  
  74  11:29  Probe (Chrono Boost)  
  74  11:31  Sentry  
  74  11:32  Probe (Chrono Boost)  
  63  11:35  Probe (Chrono Boost)  
  63  11:36  Zealot  
  65  11:40  Probe (Chrono Boost)  
  65  11:41  Stalker  
  65  11:42  Adept  
  65  11:44  Probe (Chrono Boost)  
  65  11:45  Adept  
  53  11:47  Probe (Chrono Boost)  
  53  11:51  High Templar  
  53  11:52  Probe (Chrono Boost)  
  53  11:53  Zealot  
  45  11:55  Stalker  
  45  11:56  Probe (Chrono Boost)  
  45  12:01  High Templar  
  29  12:13  High Templar  
  12  12:38  Nexus  
Tags
 
Add a new tag
Caveats
  • Supply blocks, unpowered buildings, or Contaminate may cause inaccurate times.
  • Supply counts are checked every 10 seconds.